 Dungeon Crawl Stone Soup version 0.30-a0-292-g0f741e3f8e (webtiles) character file.

Game seed: 3842585920120951898

181 Pooter the Chopper (level 5, -1/48 HPs)
             Began as a Minotaur Fighter on Oct 17, 2022.
             Slain by a gnoll
             ... wielding a +0 spear
             ... led by a gnoll bouda
              (3 damage)
             ... on level 3 of the Dungeon.
             The game lasted 00:09:25 (1937 turns).

Pooter the Chopper (Minotaur Fighter)               Turns: 1937, Time: 00:09:25

Health: -1/48      AC:  6    Str: 22    XL:     5   Next: 34%
Magic:  4/4        EV:  6    Int:  5    God:
Gold:   155        SH: 12    Dex: 10    Spells: 4/4 levels left

rFire   . . .      SeeInvis .    a - +1 war axe
rCold   . . .      Faith    .    q - +0 tower shield
rNeg    . . .      Spirit   .    b - +0 scale mail
rPois   .          Reflect  .    (helmet restricted)
rElec   .          Harm     .    (no cloak)
rCorr   .          Rampage  .    (no gloves)
Will    .....                    (no boots)
Stlth   ..........               (no amulet)
HPRegen 0.28/turn                (no ring)
MPRegen 0.09/turn                (no ring)

@: no status effects
A: horns 2, retaliatory headbutt
a: no special abilities


You were on level 3 of the Dungeon.
You visited 1 branch of the dungeon, and saw 3 of its levels.

You collected 155 gold pieces.

Inventory:

Hand Weapons
 a - a +1 war axe (weapon)
 i - a +0 trident
   (You took it off an orc on level 3 of the Dungeon)
Missiles
 j - 3 javelins
 n - 3 boomerangs
 Q - 14 stones (quivered)
Armour
 b - a +0 scale mail (worn)
 q - a +0 tower shield (worn)
   (You found it on level 3 of the Dungeon)
Jewellery
 k - an amulet of magic regeneration
   (You found it on level 2 of the Dungeon)
Scrolls
 e - a scroll of noise {unknown}
 g - a scroll of magic mapping {unknown}
 p - a scroll of fear {unknown}
Potions
 d - a potion of might
 f - a potion of attraction {unknown}
 h - 2 potions of curing {@q1}
 l - a potion of berserk rage {unknown}
 m - 2 potions of lignification {unknown}
 o - a potion of flight {unknown}


   Skills:
 + Level 5.0 Fighting
 * Level 5.5 Axes
 - Level 3.6 Armour
 + Level 4.0 Shields


You had 4 spell levels left.
You didn't know any spells.
Your spell library contained the following spells:

 Spells                   Type           Power      Damage    Failure   Level
 Ensorcelled Hibernation  Hex/Ice        0%         N/A       100%        2
 Passwall                 Tmut/Erth      0%         N/A       100%        2
 Gell's Gravitas          Tloc           0%         N/A       100%        3
 Lesser Beckoning         Tloc           0%         N/A       100%        3
 Swiftness                Air            0%         N/A       100%        3
 Teleport Other           Tloc           0%         N/A       100%        3


Dungeon Overview and Level Annotations

Branches:
Dungeon (3/15)

Altars:


Innate Abilities, Weirdness & Mutations

You have a pair of horns on your head.
You reflexively headbutt those who attack you in melee.


Message History

You hit the orc. The orc hits you with a +0 mace. You block the gnoll's attack.
You hit the orc. You block the gnoll's attack. You block the orc's attack.
You block the gnoll's attack. The orc hits you with a +0 mace.
You barely miss the orc. The gnoll hits you but does no damage.
The orc hits you with a +0 mace.
You hit the orc but do no damage.
The gnoll hits you from afar with a +0 spear.
You block the orc's attack. You block the gnoll's attack.
You block the orc's attack.
You hit the orc.
You kill the orc!
The gnoll barely misses you.
The gnoll hits you from afar with a +0 spear.
The gnoll hits you but does no damage.
The gnoll bouda hits you with a +0 whip.
* * * LOW HITPOINT WARNING * * *
You slash the gnoll bouda! The gnoll bouda barely misses you.
The gnoll hits you from afar with a +0 spear.
* * * LOW HITPOINT WARNING * * *
You block the gnoll's attack.
You barely miss the gnoll bouda. The gnoll bouda barely misses you.
The gnoll completely misses you. You block the gnoll's attack.
The gnoll bouda hits you with a +0 whip!
* * * LOW HITPOINT WARNING * * *
You block the gnoll's attack.
The gnoll hits you from afar with a +0 spear.
* * * LOW HITPOINT WARNING * * *
You closely miss the gnoll bouda.
The gnoll bouda gazes fiercely through you!
You feel your attacks grow feeble.
The gnoll bouda hits you with a +0 whip.
* * * LOW HITPOINT WARNING * * *
You block the gnoll's attack. x2
Unknown command.
You closely miss the gnoll bouda. Your headbutt misses the gnoll bouda.
You block the gnoll's attack.
The gnoll bouda barks out a call to the hunt!
The gnolls pick up the pace!
You block the gnoll's attack.
The gnoll hits you from afar with a +0 spear.
* * * LOW HITPOINT WARNING * * *
The gnoll closely misses you.
The gnoll bouda hits you but does no damage.
Unknown command.
Okay, then.
You aren't carrying any items that you can evoke.
You closely miss the gnoll bouda. You headbutt the gnoll bouda.
Your attacks no longer feel as feeble.
The gnoll hits you from afar with a +0 spear.
You die...

#.# ..#
###################
#.#
#<.................
#.#
###################
#.########## .
#.#........#
.##.##.#####.#
..#....# #.#
###.###..# #@#
#........# #g#
..#.####.#


ggg #.####.# .gg.# #......# .....# #......#.#'#+## #......#.#. #####......# ..
...........# You could see a gnoll bouda and 5 gnolls.

Vanquished Creatures
  2 orc priests (D:3)
  4 adders
  A worm (D:3)
  4 dart slugs
  4 orcs (D:3)
  6 bats
  4 endoplasms
  3 giant cockroaches (D:1)
  5 hobgoblins
  4 jackals
  7 kobolds
  7 quokkas
  5 ball pythons
  4 frilled lizards
  7 goblins
  3 rats
70 creatures vanquished.

Notes
Turn   | Place    | Note
-------+----------+-------------------------------------------
     0 | D:1      | Pooter the Minotaur Fighter began the quest for the Orb.
     0 | D:1      | Reached XP level 1. HP: 19/19 MP: 0/0
    91 | D:1      | Reached XP level 2. HP: 27/27 MP: 1/1
   396 | D:1      | Reached XP level 3. HP: 28/33 MP: 2/2
  1301 | D:2      | Reached XP level 4. HP: 36/41 MP: 3/3
  1712 | D:3      | Identified the +2 leather armour of Resourcefulness {Str+2}
  1717 | D:3      | Reached skill level 5 in Axes
  1720 | D:3      | Reached XP level 5. HP: 38/47 MP: 4/4
  1721 | D:3      | Reached skill level 5 in Fighting
  1935 | D:3      | HP: 2/48 [gnoll bouda/+0 whip (5)]
  1937 | D:3      | Slain by a gnoll

Illustrated notes

Levels and vault maps discovered:
D:1:      roderic_crossed_star, layout_loops_ring, serial_bayou_lake_a
D:2:      layout_basic, serial_glass, glass_columns_a, glass_columns_c,
          glass_columns_c, glass_columns_a
D:3:      layout_basic, palyth_stone_intersect

Skill      XL: |  1  2  3  4  5 |
---------------+----------------+-----
Axes           | 3 4 5 |  5.5
Fighting       | 4 5 |  5.0
Shields        | 4 |  4.0
Armour         | |  3.6

Action                   |  1- 3 |  4- 6 || total
-------------------------+-------+-------++-------
Melee: War axe           |    85 |    60 ||   145
       Headbutt          |    14 |     5 ||    19
Throw: Javelin           |       |     1 ||     1
  Use: Scroll            |       |     3 ||     3
       Potion            |       |     1 ||     1
Armor: Scale mail        |    36 |    21 ||    57
Dodge: Dodged            |    45 |    24 ||    69
Block: Buckler           |    17 |     7 ||    24
       Tower shield      |       |    19 ||    19

Table legend: (Time is in decaauts)
 A = Elapsed time spent in this place.
 B = Non-inter-level travel time spent in this place.
 C = Inter-level travel time spent in this place.
 D = Time resting spent in this place.
 E = Time spent auto-exploring this place.
 F = Levels seen in this place.
 G = Mean time per level.
                   A        B        C        D        E       F      G
               +--------+--------+--------+--------+--------+-----+--------+
         Total |   2018 |   1991 |     27 |      0 |   1531 |   3 |  672.7 |
       Dungeon |   2018 |   1991 |     27 |      0 |   1531 |   3 |  672.7 |
               +--------+--------+--------+--------+--------+-----+--------+

Top non-repeatable levels by time:
     D:2: 869 daAuts
     D:1: 671 daAuts
     D:3: 477 daAuts
